Match 42473437
Unlisted

Match 42473437
End
Construct Infanterie Kompanie
Selects Luftwaffe Battlegroup
Selects Luftwaffe Pioneer Support
Fallschirmpioneer Squad Paradrop
GrW 34 Mortar Team
Fallschirmpioneer Squad Paradrop
Infanterie Officer Quarters
Selects Stuka Strafing Run
Stuka Strafing Run
Fallschirmpioneer Squad Paradrop
Construct Panzergrenadier Kompanie
Selects Fallschirmjäger Squad Paradrop
Pak 40 Anti-tank Gun Team
Stuka Strafing Run
Construct Panzer Kompanie
Stuka Strafing Run
Sturmpanzer IV Brummbär
Stoßtruppen Squad
Stoßtruppen Squad
Selects Stuka Loiter
Panzer Officer Quarters
Fallschirmpioneer Squad Paradrop
Selects Flak 38 Anti-Air Emplacement
go_kitkayu
866
只因未来
CPU - VERY EASY
玉米
Halo INF-101
雷曼尔EX
SC2-Protoss
0
0

Comments sign in to comment!

No comments posted yet!